 Dungeon Crawl Stone Soup version 0.29-a0-284-gf9362112df (webtiles) character file.

Game seed: 7067315305652472481

109 Dabor the Covered (level 4, -1/29 HPs)
             Began as a Gargoyle Fighter on Mar 15, 2022.
             Killed from afar by Natasha (8 damage)
             ... with a magic dart
             ... on level 2 of the Dungeon.
             The game lasted 00:02:19 (1978 turns).

Dabor the Covered (Gargoyle Fighter)                Turns: 1978, Time: 00:02:19

Health: -1/29      AC: 10    Str: 21    XL:     4   Next: 89%
Magic:  4/4        EV:  9    Int:  9    God:
Gold:   42         SH:  4    Dex:  9    Spells: 3/3 levels left

rFire   . . .      SeeInvis .   a - +0 flail
rCold   . . .      Faith    .   c - +0 buckler
rNeg    + . .      Spirit   .   b - +0 scale mail
rPois   ∞          Reflect  .   (no helmet)
rElec   +          Harm     .   (no cloak)
rCorr   .          Rampage  .   (no gloves)
Will    .....                   (no boots)
Stlth   ..........              (no amulet)
HPRegen 0.09/turn               (no ring)
MPRegen 0.09/turn               (no ring)

@: no status effects
A: sickness immunity, AC +3, negative energy resistance 1, electricity
resistance, torment resistance 1, petrification resistance
a: no special abilities


You were on level 2 of the Dungeon.
You visited 1 branch of the dungeon, and saw 2 of its levels.

You collected 42 gold pieces.

Inventory:

Hand Weapons
 a - a +0 flail (weapon)
Armour
 b - a +0 scale mail (worn)
 c - a +0 buckler (worn)
Scrolls
 e - 2 scrolls of blinking
 g - a scroll of teleportation {unknown}
 h - 2 scrolls of identify {unknown}
 j - a scroll of noise {unknown}
Potions
 d - a potion of might
 f - 2 potions of lignification {unknown}
 i - a potion of heal wounds {unknown}


   Skills:
 + Level 4.1 Fighting
 + Level 2.9 Maces & Flails
 + Level 4.1 Armour
 + Level 1.2 Dodging
 - Level 3.5 Shields


You had 3 spell levels left.
You didn't know any spells.
Your spell library was empty.

Dungeon Overview and Level Annotations

Branches:
Dungeon (2/15)

Altars:

Shops:
D:2 [

Annotations:
D:2 Natasha


Innate Abilities, Weirdness & Mutations

You are immune to sickness and miasma.
Your stone body is resilient. (AC +3)
You are immune to poison.
You resist negative energy. (rN+)
You are resistant to electric shocks. (rElec)
You are resistant to unholy torment.
You are immune to petrification.


Message History

You closely miss Natasha. Natasha claws you.
You are too injured to fight recklessly!
You are too injured to fight recklessly!
You are too injured to fight recklessly!
You are too injured to fight recklessly!
You are too injured to fight recklessly!
You are too injured to fight recklessly!
You are too injured to fight recklessly!
You are too injured to fight recklessly!
You are too injured to fight recklessly!
You are too injured to fight recklessly!
You are too injured to fight recklessly!
You are too injured to fight recklessly!
You are too injured to fight recklessly!
You are too injured to fight recklessly!
You are too injured to fight recklessly!
You are too injured to fight recklessly!
You are too injured to fight recklessly!
You are too injured to fight recklessly!
You are too injured to fight recklessly!
You barely miss Natasha.
Natasha mumbles some strange words.
Natasha closely misses you.
You hit Natasha but do no damage.
Natasha stares at you and mumbles some strange words.
You resist with some effort.
The crimson imp hits you but does no damage.
You hit Natasha but do no damage. Natasha casts a spell at you.
You resist with some effort. You block the crimson imp's attack.
You closely miss Natasha. You block Natasha's attack.
The crimson imp hits you but does no damage.
Natasha claws you!
* * * LOW HITPOINT WARNING * * *
You hit Natasha.
Natasha is heavily wounded.
The crimson imp blinks!
Natasha casts a spell at you. The magic dart hits you!
You die...

############ #..........#
#########.##..####.#
..........##..# #.#
###.....###..####.#############
#............................
#......5..>..#)......).....[.
#...#.###..§.h.############.#
#.....###...@...............#
##......###.##.############.#
#.####.# #.##.# ##.# #. #.#
#.##.####### #...
#.####.###..........### ##.#
#........|..#.###.....# #.#
######.####.#.###.....## #.#
#.# #.#..........# #.# #<#
#.#.##.......# #.#


You could see Natasha and a crimson imp (summoned).

Vanquished Creatures
  Natasha (D:2)
  4 gnolls
  An adder (D:2)
  A dart slug (D:2)
  2 bats (D:1)
  2 endoplasms
  A giant cockroach (D:1)
  3 goblins
  3 hobgoblins
  4 jackals (D:2)
  6 ball pythons
  A frilled lizard (D:1)
  4 kobolds
  3 rats
36 creatures vanquished.

Notes
Turn   | Place    | Note
-------+----------+-------------------------------------------
     0 | D:1      | Dabor the Gargoyle Fighter began the quest for the Orb.
     0 | D:1      | Reached XP level 1. HP: 14/14 MP: 1/1
   396 | D:1      | Found a faded altar of an unknown god.
   409 | D:1      | Reached XP level 2. HP: 19/19 MP: 2/2
   821 | D:2      | Reached XP level 3. HP: 11/23 MP: 3/3
  1400 | D:2      | Reached XP level 4. HP: 26/29 MP: 4/4
  1465 | D:2      | Reached skill level 1 in Dodging
  1812 | D:2      | Found Fuwuc's Antique Armour Emporium.
  1947 | D:2      | Noticed Natasha
  1957 | D:2      | Killed Natasha
  1964 | D:2      | Noticed Natasha
  1978 | D:2      | Killed from afar by Natasha

Illustrated notes

Levels and vault maps discovered:
D:1:      tarquinn_simple_flora_water_b, layout_basic,
          shapermc_ecumenical_altar_venn
D:2:      layout_loops_ring, serial_shops, shop_statue,
          hangedman_decor_clover_reticule, uniq_natasha

Skill      XL: |  1  2  3  4 |
---------------+-------------+-----
Dodging        | 1 |  1.2
Armour         | 4 |  4.1
Fighting       | 4 |  4.1
Maces & Flails | |  2.9
Shields        | |  3.5

Action                   |  1- 3 |  4- 6 || total
-------------------------+-------+-------++-------
Melee: Flail             |    65 |    69 ||   134
  Use: Scroll            |     1 |       ||     1
Armor: Scale mail        |    53 |    36 ||    89
Dodge: Dodged            |    27 |    32 ||    59
Block: Buckler           |    13 |    22 ||    35

Table legend: (Time is in decaauts)
 A = Elapsed time spent in this place.
 B = Non-inter-level travel time spent in this place.
 C = Inter-level travel time spent in this place.
 D = Time resting spent in this place.
 E = Time spent auto-exploring this place.
 F = Levels seen in this place.
 G = Mean time per level.
                   A        B        C        D        E       F      G
               +--------+--------+--------+--------+--------+-----+--------+
         Total |   2022 |   1970 |     52 |    528 |   1115 |   2 | 1011.0 |
       Dungeon |   2022 |   1970 |     52 |    528 |   1115 |   2 | 1011.0 |
               +--------+--------+--------+--------+--------+-----+--------+

Top non-repeatable levels by time:
     D:1: 1335 daAuts
     D:2: 687 daAuts
